[ AOE2 MATCH · #461567940 ]
UnrankedKoreans vs Celts
Player's team · LOSS
Rival team · WIN
[ REPLAY ANALYSIS · EXTRACTED FROM THE RECORDED GAME ]
Feudal
9:18
Castle
25:11
Imperial
—
| APM avg | 63.6 |
| APM peak | 97 |
| eAPM avg | 29.4 |
| Villagers / military | 90 / 125 |
Focus
⚔️ 36.9% · 🌾 63.1%
Skirmisher ×121 · Iron Pagoda ×4
Feudal
9:24
Castle
20:55
Imperial
—
| APM avg | 54.6 |
| APM peak | 81 |
| eAPM avg | 25.5 |
| Villagers / military | 68 / 75 |
Focus
⚔️ 31.2% · 🌾 68.8%
Archer ×48 · Battering Ram ×14 · Mangonel ×9 · Skirmisher ×3 · Spearman ×1
Match map
Initial resources + every placement click. Lines = walls · curves = elevation contours. ◆ gold · ⬟ stone · ● berries · ✦ relic · ◌ wall gap
Your base
ahmedalisahito688's base· Open — 5t gap
Smoothed initial terrain · ◌ = detected wall gap · hover for details
Inputs per minute
— SurvivorOfHathsin - - ahmedalisahito688
Build order — SurvivorOfHathsin
First 150 of 249 actions detected
| 0:00 | Create | Villager (Male) |
| 0:00 | Create | Villager (Male) |
| 0:01 | Create | Villager (Male) |
| 0:01 | Build | House |
| 0:02 | Create | Villager (Male) |
| 0:02 | Create | Villager (Male) |
| 0:03 | Build | House |
| 1:24 | Create | Villager (Male) |
| 1:44 | Build | Lumber Camp |
| 1:50 | Create | Villager (Male) |
| 1:50 | Create | Villager (Male) |
| 1:51 | Create | Villager (Male) |
| 2:05 | Create | Villager (Male) |
| 2:37 | Create | Villager (Male) |
| 2:37 | Create | Villager (Male) |
| 2:58 | Create | Villager (Male) |
| 3:17 | Create | Villager (Male) |
| 3:36 | Build | House |
| 3:37 | Build | House |
| 4:04 | Create | Villager (Male) |
| 4:06 | Create | Villager (Male) |
| 5:03 | Create | Villager (Male) |
| 5:04 | Create | Villager (Male) |
| 5:05 | Create | Villager (Male) |
| 5:09 | Build | Mill |
| 5:25 | Create | Villager (Male) |
| 5:45 | Create | Villager (Male) |
| 6:36 | Research | Loom |
| 7:06 | Research | Feudal Age |
| 7:49 | Build | Palisade Wall |
| 8:02 | Build | Barracks |
| 8:03 | Create | Villager (Male) |
| 8:52 | Build | Mining Camp |
| 9:11 | Create | Villager (Male) |
| 9:17 | Build | House |
| 9:18 | Age | Feudal Age |
| 9:26 | Build | Watch Tower |
| 9:44 | Build | Archery Range |
| 9:45 | Create | Villager (Male) |
| 9:45 | Research | Double-Bit Axe |
| 9:46 | Research | Double-Bit Axe |
| 9:46 | Create | Villager (Male) |
| 9:48 | Create | Villager (Male) |
| 10:05 | Create | Villager (Male) |
| 10:14 | Build | Farm |
| 10:41 | Build | Palisade Wall |
| 10:43 | Build | Palisade Wall |
| 10:44 | Build | Palisade Wall |
| 10:45 | Build | Palisade Wall |
| 10:54 | Create | Villager (Male) |
| 11:01 | Build | House |
| 11:01 | Create | Skirmisher |
| 11:05 | Build | House |
| 11:21 | Build | Blacksmith |
| 11:34 | Create | Skirmisher |
| 11:45 | Build | Farm |
| 11:46 | Build | Farm |
| 12:01 | Build | Farm |
| 12:09 | Research | Fletching |
| 12:13 | Build | House |
| 12:21 | Build | Farm |
| 12:25 | Build | Farm |
| 12:31 | Create | Skirmisher |
| 12:48 | Build | Farm |
| 12:53 | Build | Farm |
| 12:57 | Create | Villager (Male) |
| 12:57 | Create | Villager (Male) |
| 13:16 | Create | Skirmisher |
| 13:25 | Build | House |
| 13:29 | Create | Skirmisher |
| 13:36 | Build | Farm |
| 13:40 | Create | Villager (Male) |
| 13:40 | Create | Villager (Male) |
| 13:46 | Build | Farm |
| 13:58 | Create | Villager (Male) |
| 13:58 | Create | Villager (Male) |
| 14:01 | Build | Farm |
| 14:16 | Create | Villager (Male) |
| 14:16 | Create | Skirmisher |
| 14:19 | Build | Farm |
| 14:26 | Build | Farm |
| 14:36 | Create | Villager (Male) |
| 14:36 | Create | Villager (Male) |
| 14:50 | Create | Villager (Male) |
| 14:50 | Create | Villager (Male) |
| 14:51 | Create | Skirmisher |
| 14:51 | Create | Skirmisher |
| 15:33 | Create | Villager (Male) |
| 15:35 | Create | Skirmisher |
| 15:45 | Build | Palisade Gate |
| 15:46 | Build | House |
| 15:46 | Create | Villager (Male) |
| 15:51 | Create | Villager (Male) |
| 16:15 | Create | Villager (Male) |
| 16:17 | Create | Villager (Male) |
| 16:27 | Build | Lumber Camp |
| 16:31 | Build | Mining Camp |
| 16:34 | Build | Palisade Wall |
| 16:52 | Create | Skirmisher ×3 |
| 16:52 | Create | Skirmisher ×3 |
| 16:59 | Create | Skirmisher |
| 17:13 | Build | Farm |
| 17:19 | Create | Villager (Male) |
| 17:37 | Create | Skirmisher |
| 18:00 | Build | House |
| 18:14 | Create | Villager (Male) |
| 18:20 | Build | House |
| 18:39 | Build | House |
| 18:42 | Build | Palisade Wall |
| 18:46 | Create | Villager (Male) |
| 18:46 | Create | Skirmisher |
| 18:49 | Build | Archery Range |
| 18:54 | Create | Villager (Male) |
| 19:01 | Build | House |
| 19:07 | Create | Skirmisher |
| 19:13 | Build | House |
| 19:14 | Create | Villager (Male) |
| 19:39 | Build | Watch Tower |
| 19:43 | Build | Farm |
| 19:46 | Create | Villager (Male) |
| 19:54 | Build | House |
| 19:57 | Build | Palisade Wall |
| 20:01 | Create | Skirmisher |
| 20:02 | Create | Skirmisher |
| 20:06 | Create | Villager (Male) |
| 20:10 | Build | Farm |
| 20:10 | Build | Farm |
| 20:20 | Build | Farm |
| 20:24 | Create | Villager (Male) |
| 20:51 | Build | Farm |
| 21:04 | Create | Villager (Male) |
| 21:19 | Build | Market |
| 21:31 | Create | Skirmisher ×5 |
| 21:32 | Create | Villager (Male) |
| 21:39 | Create | Villager (Male) |
| 21:45 | Create | Skirmisher ×5 |
| 21:45 | Create | Skirmisher ×5 |
| 21:56 | Build | Archery Range |
| 22:18 | Research | Castle Age |
| 22:23 | Build | Watch Tower |
| 22:36 | Build | Watch Tower |
| 22:54 | Create | Skirmisher ×5 |
| 23:06 | Create | Villager (Male) |
| 23:12 | Build | Palisade Wall |
| 23:15 | Create | Villager (Male) |
| 23:15 | Create | Villager (Male) |
| 23:36 | Create | Villager (Male) |
| 24:05 | Build | Watch Tower |
| 24:31 | Create | Skirmisher ×5 |
| 24:31 | Create | Skirmisher ×5 |
Build order — ahmedalisahito688
First 150 of 255 actions detected
| 0:02 | Create | Villager (Male) ×4 |
| 0:03 | Build | House |
| 0:05 | Build | House |
| 1:33 | Create | Villager (Male) |
| 1:33 | Create | Villager (Male) |
| 1:33 | Create | Villager (Male) |
| 2:04 | Create | Villager (Male) |
| 2:04 | Create | Villager (Male) |
| 2:37 | Create | Villager (Male) |
| 2:37 | Create | Villager (Male) |
| 2:57 | Build | Lumber Camp |
| 2:59 | Create | Villager (Male) |
| 3:00 | Create | Villager (Male) |
| 3:24 | Create | Villager (Male) |
| 3:24 | Create | Villager (Male) |
| 3:31 | Build | House |
| 3:41 | Create | Villager (Male) |
| 3:41 | Create | Villager (Male) |
| 3:42 | Create | Villager (Male) |
| 4:07 | Create | Villager (Male) |
| 4:31 | Create | Villager (Male) |
| 4:56 | Build | Mining Camp |
| 4:59 | Create | Villager (Male) |
| 5:29 | Research | Loom |
| 5:32 | Create | Villager (Male) |
| 5:32 | Create | Villager (Male) |
| 5:52 | Create | Villager (Male) |
| 5:53 | Create | Villager (Male) |
| 6:18 | Build | Palisade Wall |
| 6:21 | Build | Palisade Wall |
| 6:40 | Research | Loom |
| 7:09 | Build | House |
| 7:14 | Research | Feudal Age |
| 7:15 | Research | Feudal Age |
| 7:15 | Research | Feudal Age |
| 7:50 | Build | Barracks |
| 8:04 | Build | Barracks |
| 8:11 | Create | Villager (Male) |
| 8:24 | Build | House |
| 8:39 | Build | Mill |
| 9:16 | Build | Palisade Wall |
| 9:24 | Age | Feudal Age |
| 9:34 | Build | Archery Range |
| 9:36 | Build | Archery Range |
| 9:44 | Create | Villager (Male) |
| 10:08 | Create | Villager (Male) |
| 10:16 | Build | Blacksmith |
| 10:24 | Build | House |
| 10:26 | Build | Palisade Wall |
| 10:32 | Build | Palisade Wall |
| 10:34 | Create | Villager (Male) |
| 10:45 | Create | Archer |
| 11:03 | Create | Villager (Male) |
| 11:10 | Build | Blacksmith |
| 11:13 | Build | Farm |
| 11:15 | Create | Archer |
| 11:15 | Create | Archer |
| 11:23 | Create | Villager (Male) |
| 11:26 | Build | Farm |
| 11:36 | Create | Archer |
| 11:53 | Create | Villager (Male) |
| 11:54 | Create | Villager (Male) |
| 11:55 | Create | Archer |
| 11:59 | Build | House |
| 12:17 | Create | Villager (Male) |
| 12:26 | Build | Farm |
| 12:27 | Build | Farm |
| 12:43 | Create | Villager (Male) |
| 12:50 | Build | Mining Camp |
| 13:01 | Research | Fletching |
| 13:18 | Build | Farm |
| 13:36 | Research | Padded Archer Armor |
| 13:37 | Research | Padded Archer Armor |
| 13:41 | Build | Farm |
| 14:03 | Create | Villager (Male) |
| 14:06 | Build | Farm |
| 14:10 | Create | Archer |
| 14:14 | Create | Spearman |
| 14:24 | Build | House |
| 14:30 | Create | Archer |
| 15:10 | Create | Villager (Male) |
| 15:33 | Create | Villager (Male) |
| 15:35 | Build | Farm |
| 15:36 | Build | Farm |
| 15:38 | Create | Archer |
| 15:39 | Create | Archer |
| 15:42 | Build | House |
| 16:18 | Create | Villager (Male) |
| 16:37 | Create | Villager (Male) |
| 16:40 | Build | House |
| 16:46 | Build | Market |
| 17:16 | Build | House |
| 17:50 | Create | Villager (Male) |
| 17:56 | Build | Lumber Camp |
| 18:10 | Research | Castle Age |
| 18:10 | Research | Castle Age |
| 18:16 | Build | Farm |
| 18:29 | Create | Archer |
| 18:30 | Create | Archer |
| 18:52 | Research | Gold Mining |
| 18:53 | Research | Gold Mining |
| 19:02 | Build | Watch Tower |
| 19:07 | Build | House |
| 19:12 | Create | Archer |
| 19:28 | Build | Palisade Wall |
| 19:34 | Build | Palisade Wall |
| 19:50 | Create | Archer |
| 19:55 | Research | Double-Bit Axe |
| 19:55 | Research | Double-Bit Axe |
| 19:57 | Research | Horse Collar |
| 19:57 | Research | Horse Collar |
| 20:10 | Create | Villager (Male) |
| 20:17 | Create | Archer |
| 20:18 | Create | Archer |
| 20:24 | Create | Skirmisher |
| 20:28 | Build | Farm |
| 20:40 | Build | House |
| 20:42 | Create | Archer |
| 20:55 | Age | Castle Age |
| 21:04 | Build | University |
| 21:06 | Research | Crossbowman (upgrade) |
| 21:06 | Research | Crossbowman (upgrade) |
| 21:06 | Research | Crossbowman (upgrade) |
| 21:24 | Build | Farm |
| 22:18 | Create | Villager (Male) |
| 22:19 | Create | Villager (Male) |
| 22:24 | Build | Farm |
| 22:38 | Research | Ballistics |
| 22:38 | Research | Ballistics |
| 22:58 | Research | Bodkin Arrow |
| 22:58 | Research | Bodkin Arrow |
| 22:59 | Research | Bodkin Arrow |
| 23:06 | Create | Archer |
| 23:08 | Create | Villager (Male) |
| 23:22 | Build | Farm |
| 23:33 | Create | Archer |
| 23:33 | Create | Archer |
| 23:34 | Create | Archer |
| 23:50 | Create | Archer |
| 23:50 | Create | Archer |
| 23:50 | Create | Archer |
| 23:56 | Build | Farm |
| 23:57 | Create | Villager (Male) |
| 23:58 | Create | Villager (Male) |
| 24:14 | Research | Leather Archer Armor |
| 24:14 | Research | Leather Archer Armor |
| 24:25 | Build | Siege Workshop |
| 24:46 | Create | Archer |
| 24:46 | Create | Archer |
| 24:46 | Create | Archer |
Match timeline
| 6:18 | ahmedalisahito688 · wall_segment Palisade Wall x1 |
| 6:21 | ahmedalisahito688 · wall_segment Palisade Wall x1 |
| 7:49 | SurvivorOfHathsin · wall_segment Palisade Wall x1 |
| 7:50 | ahmedalisahito688 · first_building Barracks |
| 8:02 | SurvivorOfHathsin · first_building Barracks |
| 9:16 | ahmedalisahito688 · wall_segment Palisade Wall x1 |
| 9:18 | SurvivorOfHathsin · age_up feudal |
| 9:24 | ahmedalisahito688 · age_up feudal |
| 9:34 | ahmedalisahito688 · first_building Archery Range |
| 9:44 | SurvivorOfHathsin · first_building Archery Range |
| 10:26 | ahmedalisahito688 · wall_segment Palisade Wall x1 |
| 10:32 | ahmedalisahito688 · wall_segment Palisade Wall x4 |
| 10:41 | SurvivorOfHathsin · wall_segment Palisade Wall x3 |
| 10:43 | SurvivorOfHathsin · wall_segment Palisade Wall x3 |
| 10:44 | SurvivorOfHathsin · wall_segment Palisade Wall x2 |
| 10:45 | SurvivorOfHathsin · wall_segment Palisade Wall x3 |
| 16:34 | SurvivorOfHathsin · wall_segment Palisade Wall x11 |
| 17:59 | ahmedalisahito688 · first_market_sell 100 wood |
| 18:00 | ahmedalisahito688 · first_market_buy 100 food |
| 18:42 | SurvivorOfHathsin · wall_segment Palisade Wall x10 |
| 19:28 | ahmedalisahito688 · wall_segment Palisade Wall x10 |
| 19:34 | ahmedalisahito688 · wall_segment Palisade Wall x3 |
| 19:57 | SurvivorOfHathsin · wall_segment Palisade Wall x13 |
| 20:55 | ahmedalisahito688 · age_up castle |
| 22:06 | SurvivorOfHathsin · first_market_buy 100 food |
| 22:10 | SurvivorOfHathsin · first_market_sell 100 stone |
| 23:12 | SurvivorOfHathsin · wall_segment Palisade Wall x1 |
| 24:25 | ahmedalisahito688 · first_building Siege Workshop |
| 25:11 | SurvivorOfHathsin · age_up castle |
| 30:27 | SurvivorOfHathsin · first_building Siege Workshop |
| 31:12 | SurvivorOfHathsin · first_building Castle |
| 36:30 | ahmedalisahito688 · first_building Castle |
| 38:31 | SurvivorOfHathsin · resign |
[ AI ANALYSIS · 1 CREDIT ]
What really happened in this match?
Wolo.gg analyzes every decision: build order, eco, micro, common mistakes by bracket. Personalized analysis on WhatsApp or Discord in 30 seconds.
Civ guide
Koreans
Perfil
Jugador #5319504